 Dungeon Crawl Stone Soup version 0.22.1-2-g9c5b331 (webtiles) character file.

11688 Harpaggios the Covert (level 11, -3/62 HPs)
             Began as a Vine Stalker Enchanter on Jan 1, 2019.
             Was a Priest of Ashenzari.
             Slain by a blink frog (17 damage)
             ... on level 1 of the Lair of Beasts.
             The game lasted 01:05:48 (11198 turns).

Harpaggios the Covert (Vine Stalker Enchanter)     Turns: 11198, Time: 01:05:48

Health: -3/62      AC:  2    Str: 11    XL:     11   Next: 81%
Magic:  0/25       EV: 14    Int: 18    God:    Ashenzari [***...]
Gold:   466        SH:  0    Dex: 18    Spells: 20/29 levels left

rFire    . . .     SeeInvis +   f - +5 dagger (curse)
rCold    + + .     Gourm    .   (no shield)
rNeg     . . .     Faith    .   e - +0 robe of the Armoured One {rC+ Int+3} (curse)
rPois    +         Spirit   +   (no helmet)
rElec    .         Reflect  .   r - scarf {repulsion} (curse)
rCorr    .         Harm     .   (no gloves)
MR       +....                  (no boots)
Stlth    +++++.....             (no amulet)
HPRegen  0.60/turn              i - ring of poison resistance (curse)
MPRegen  0.19/turn              n - ring of protection from cold

@: studying Short Blades, repel missiles
A: fangs 3, regeneration 1, magic shield, antimagic bite, no potion heal 3, rot
immunity
a: Curse Item, Scrying, Renounce Religion


You were on level 1 of the Lair of Beasts.
You worshipped Ashenzari.
Ashenzari was most pleased with you.
You were hungry.

You visited 2 branches of the dungeon, and saw 11 of its levels.

You collected 466 gold pieces.

Inventory:

Hand Weapons
 f - a cursed +5 dagger (weapon)
Armour
 e - the cursed +0 robe of the Armoured One (worn) {rC+ Int+3}
   (You found it on level 5 of the Dungeon)

   It affects your intelligence (+3).
   It protects you from cold.
   It has a curse placed upon it.
 r - a cursed scarf of repulsion (worn)
Jewellery
 i - a cursed ring of poison resistance (left hand)
 m - an uncursed amulet of the gourmand
 n - a ring of protection from cold (right hand)
 p - an uncursed ring of resist corrosion
 w - an uncursed amulet of harm
Wands
 u - a wand of enslavement (7)
 v - a wand of polymorph (24)
Scrolls
 g - 3 scrolls of magic mapping
 j - 3 scrolls of remove curse
 q - 8 scrolls of identify
 s - a scroll of fear
 y - a scroll of teleportation
Potions
 a - a potion of curing {unknown}
 b - a potion of magic
 c - 3 potions of flight
 d - a potion of might
 h - a potion of cancellation {unknown}
 k - a potion of brilliance {unknown}
 l - a potion of invisibility
 o - a potion of berserk rage {unknown}
 x - a potion of resistance
Books
 A - a manual of Short Blades
Comestibles
 t - 10 rations


   Skills:
 + Level 9.3 Fighting
 + Level 7.1(10.1) Short Blades
 * Level 3.6 Dodging
 - Level 10.0 Stealth
 + Level 9.7 Spellcasting
 - Level 6.0 Hexes


You had 20 spell levels left.
You knew the following spells:

 Your Spells              Type           Power        Failure   Level  Hunger
a - Corona                Hex            ####...      1%          1    None
b - Ensorcelled Hibernat  Hex/Ice        ###...       3%          2    None
c - Tukima's Dance        Hex            ####....     1%          3    None
d - Dazzling Spray        Conj/Hex       ###...       7%          3    None

Your spell library contained the following spells:

 Spells                   Type           Power        Failure   Level  Hunger
 Confuse                  Hex            ####....     1%          3    None


Dungeon Overview and Level Annotations

Branches:
Dungeon (10/15)            Temple (0/1) D:6            Lair (1/6) D:10
    Orc (0/2) D:10

Altars:
Ashenzari
Dithmenos
Fedhas
Gozag
Hepliaklqana
Okawaru
Qazlal
Sif Muna

Shops:
D:6 }

Annotations:
D:10 3 runed doorsuns, exclusion: obsidian statue, strongu's ghost, journeyman OpGl
Lair:1 exclusion: hydra


Innate Abilities, Weirdness & Mutations

You have razor-sharp teeth.
Your natural rate of healing is unusually fast.
When hurt, damage is shared between your health and your magic reserves.
Your bite disrupts and absorbs the magic of your enemies.
Potions cannot restore your health.
You are immune to rotting.


Message History

* * * LOW HITPOINT WARNING * * *
There is a staircase back to the Dungeon, spattered with blood here.
You hit the blink frog. Your bite misses the blink frog.
The blink frog is lightly wounded.
The blink frog misses you.
You hit the blink frog. Your bite misses the blink frog.
The blink frog is moderately wounded.
The blink frog closely misses you.
You hit the blink frog. Your bite misses the blink frog.
The blink frog is moderately wounded.
You hit the blink frog.
The blink frog is moderately wounded.
The blink frog barely misses you.
You hit the blink frog.
The blink frog is heavily wounded.
The blink frog barely misses you. x2
You puncture the blink frog!
The blink frog is severely wounded.
The blink frog hits you!!
You die...

###
#P...............
##.#............#
#..#....#.#######
#...####### **
#.### ** *, #.#
*** * , ##.# , ,
, , , #..# ,, , ,
###@.## , , ,
###.FF..# * , ,
#.......#
##......## * ,
##.......## * , ,
###.........# ,
,,, #...........#
#...........## ,*
#............#


You could see 2 blink frogs.

Vanquished Creatures
  A two-headed ogre (D:8)
  Erica (D:8)
  3 deep trolls (D:9)
  7 trolls (D:9)
  3 blink frogs
  2 hippogriffs (D:8)
  4 yaks
  3 hogs (D:7)
  A human (D:7)
  3 wargs (D:10)
  Menkaure (D:5)
  2 water moccasins
  2 sky beasts
  3 phantoms
  3 ice beasts
  3 orc warriors
  A necrophage (D:4)
  2 ogres
  3 centaurs
  2 big kobolds
  4 bullfrogs
  4 scorpions
  3 wights (D:8)
  2 electric eels (D:9)
  5 howler monkeys
  7 crimson imps
  A bullfrog zombie (D:5)
  A quasit (D:9)
  5 orc priests
  11 hounds
  A bullfrog skeleton (D:10)
  4 centaur skeletons
  A jelly (D:10)
  12 orc wizards
  4 worker ants
  2 iguanas
  A hound zombie (D:6)
  A hound skeleton (D:3)
  A worker ant zombie (D:9)
  8 adders
  3 gnolls (D:4)
  A howler monkey skeleton (D:8)
  2 shadow imps
  An adder zombie (D:8)
  An adder skeleton (D:9)
  2 worms
  3 dart slugs (D:1)
  2 leopard geckos
  39 orcs
  13 bats
  4 giant cockroaches
  6 goblins
  7 hobgoblins
  11 jackals
  2 quokkas
  2 ball pythons
  5 frilled lizards
  23 kobolds
  13 rats
268 creatures vanquished.

Vanquished Creatures (others)
  An orc wizard (D:8)
  A kobold (D:7)
2 creatures vanquished.

Grand Total: 270 creatures vanquished

Notes
Turn   | Place    | Note
-------+----------+-------------------------------------------
     0 | D:1      | Harpaggios the Vine Stalker Enchanter began the quest for
                  | the Orb.
     0 | D:1      | Reached XP level 1. HP: 9/9 MP: 4/4
    47 | D:1      | Reached skill level 1 in Short Blades
   184 | D:1      | Reached XP level 2. HP: 9/13 MP: 6/6
   982 | D:1      | Reached skill level 4 in Stealth
   990 | D:1      | Reached XP level 3. HP: 11/16 MP: 5/7
  1561 | D:2      | Found a shattered altar of Ashenzari.
  1566 | D:2      | Became a worshipper of Ashenzari the Shackled
  1637 | D:2      | Gained mutation: Your natural rate of healing is unusually
                  | fast. [Vine Stalker growth]
  1637 | D:2      | Reached XP level 4. HP: 7/21 MP: 7/9
  1709 | D:2      | Learned a level 2 spell: Ensorcelled Hibernation
  1713 | D:2      | Learned a level 3 spell: Tukima's Dance
  2177 | D:3      | Reached XP level 5. HP: 16/24 MP: 5/10
  2407 | D:3      | Noticed an ogre
  2416 | D:3      | Killed an ogre
  2416 | D:3      | Reached skill level 1 in Fighting
  2571 | D:3      | Found a hazy altar of Hepliaklqana.
  2743 | D:3      | Reached XP level 6. HP: 24/30 MP: 8/11
  2782 | D:3      | Reached * piety under Ashenzari
  3234 | D:4      | Reached skill level 5 in Stealth
  3310 | D:4      | Noticed a necrophage
  3325 | D:4      | Killed a necrophage
  3325 | D:4      | Reached skill level 5 in Hexes
  3589 | D:4      | Reached XP level 7. HP: 35/35 MP: 12/12
  4026 | D:5      | Entered Level 5 of the Dungeon
  4379 | D:5      | Found a blossoming altar of Fedhas.
  4435 | D:5      | Noticed Menkaure
  4448 | D:5      | Found the +3 pair of gauntlets of War {Slay+5}
  4513 | D:5      | Gained mutation: You have razor-sharp teeth. [Vine Stalker
                  | growth]
  4513 | D:5      | Reached XP level 8. HP: 38/41 MP: 10/13
  4748 | D:5      | Reached ** piety under Ashenzari
  4785 | D:5      | Reached skill level 6 in Stealth
  4947 | D:5      | Got the cursed robe of the Armoured One {rC+ Int+3}
  4962 | D:5      | Identified the cursed +0 robe of the Armoured One {rC+
                  | Int+3} (You found it on level 5 of the Dungeon)
  5369 | D:6      | Found a staircase to the Ecumenical Temple.
  5373 | D:6      | Found Lixzeigh's Gadget Boutique.
  5598 | D:6      | Found a deep blue altar of Sif Muna.
  5950 | D:7      | Reached skill level 5 in Fighting
  5982 | D:7      | Reached skill level 7 in Stealth
  5982 | D:7      | Reached skill level 5 in Spellcasting
  5982 | D:7      | Reached XP level 9. HP: 47/47 MP: 9/17
  6295 | D:8      | Noticed a two-headed ogre
  6306 | D:8      | Killed a two-headed ogre
  6455 | D:8      | Reached skill level 8 in Stealth
  6562 | D:8      | Noticed Erica
  6579 | D:8      | Reached skill level 5 in Short Blades
  6584 | D:8      | Found a stormy altar of Qazlal.
  6619 | D:8      | Reached XP level 10. HP: 53/53 MP: 21/21
  6737 | D:8      | Found an iron altar of Okawaru.
  6764 | D:8      | Found a deep blue altar of Sif Muna.
  7066 | D:7      | Found a shadowy altar of Dithmenos.
  7335 | D:5      | Killed Menkaure
  7468 | D:8      | Killed Erica
  7510 | D:8      | Reached *** piety under Ashenzari
  7571 | D:8      | Reached skill level 9 in Stealth
  8243 | D:9      | Noticed a deep troll
  8368 | D:9      | Noticed a deep troll
  8627 | D:9      | Reached XP level 11. HP: 51/60 MP: 20/24
  8632 | D:9      | Learned a level 3 spell: Dazzling Spray
  8926 | D:9      | Noticed a deep troll
  8995 | D:9      | Killed a deep troll
  9023 | D:9      | Killed a deep troll
  9626 | D:9      | Killed a deep troll
  9626 | D:9      | Reached skill level 10 in Stealth
  9959 | D:10     | Entered Level 10 of the Dungeon
  9967 | D:10     | Found a staircase to the Orcish Mines.
 10068 | D:10     | Found a staircase to the Lair.
 10127 | D:10     | Found a runed gate.
 10128 | D:10     | Found a runed gate.
 10129 | D:10     | Found a runed gate.
 10795 | D:10     | Found an opulent altar of Gozag.
 10795 | D:10     | Noticed an obsidian statue
 10795 | D:10     | Noticed strongu's ghost (journeyman OpGl)
 10812 | Lair:1   | Entered Level 1 of the Lair of Beasts
 10902 | Lair:1   | Noticed an eight-headed hydra
 11198 | Lair:1   | Slain by a blink frog

Skill      XL: |  1  2  3  4  5  6  7  8  9 10 11 |
---------------+----------------------------------+-----
Short Blades   | 1 2 3 4 5 6 7 |  7.1
Stealth        | 4 5 7 8 9 10 | 10.0
Hexes          | 4 5 6 |  6.0
Spellcasting   | 3 5 7 8 9 |  9.7
Fighting       | 1 2 3 5 6 8 9 |  9.3
Dodging        | 3 |  3.6

Action                   |  1- 3 |  4- 6 |  7- 9 | 10-12 || total
-------------------------+-------+-------+-------+-------++-------
Melee: Dagger            |   113 |   134 |   334 |   369 ||   950
       Bite              |    18 |    18 |    95 |   106 ||   237
 Cast: Corona            |     6 |     7 |    20 |    21 ||    54
       Ensorcelled Hiber |       |    10 |    16 |    66 ||    92
       Dazzling Spray    |       |       |       |     5 ||     5
Invok: Curse Item        |       |     1 |     1 |     1 ||     3
  Use: Potion            |     1 |     5 |     1 |     3 ||    10
       Scroll            |     1 |       |     8 |     4 ||    13
 Stab: Sleeping          |     8 |    17 |    18 |    37 ||    80
       Distracted        |       |     1 |     2 |     3 ||     6
       Invisible         |       |       |       |     1 ||     1
  Eat: Chunk             |     2 |     7 |    10 |    14 ||    33
Armor: Robe              |    21 |    20 |    17 |    27 ||    85
Dodge: Dodged            |    58 |    78 |   106 |   176 ||   418
       Deflected         |       |       |     4 |     3 ||     7
